Map: Мир спящих РВ

Players

Gredu - Winner!

  • Race: Zerg Zerg
  • League: Master
  • Spawn Location: 1:00

Epsilan

  • Race: Zerg Zerg
  • League: Master
  • Spawn Location: 7:00

VOD

Have the link to the VOD?

Description

Time

  • Played on: Nov. 2, 2019, 8:31 p.m.
  • Length: 9:57
Show
View Real Time Build Order
Export as new Build Order

Gredu Zerg - Winner!

Build Orders: 1 Base Baneling Bust, Pool First, Zergling Baneling 

Get SALT Encoding   

  12  0:00  Drone  
  13  0:08  Drone  
  14  0:15  Extractor, Drone  
  14  0:21  Extractor, Drone  
  15  0:36  Spawning Pool  
  14  0:43  Overlord  
  14  0:51  Extractor, Drone  
  15  1:04  Drone x2  
  17  1:24  Zergling x4  
  19  1:26  Metabolic Boost  
  19  1:28  Zergling x2  
  20  1:38  Zergling x2  
  21  1:46  Baneling Nest  
  20  1:49  Zergling x2  
  21  1:59  Zergling x2  
  21  2:01  Hatchery  
  21  2:10  Zergling x2  
  22  2:27  Overlord  
  22  2:37  Baneling x2  
  22  2:42  Baneling x2  
  22  2:45  Queen  
  22  2:46  Zergling x4  
  26  2:53  Drone  
  25  3:07  Drone  
  26  3:15  Drone x2  
  27  3:27  Zergling x4  
  29  3:34  Zergling x2  
  29  3:39  Drone, Queen  
  32  3:47  Zergling x4  
  34  3:48  Baneling x2  
  34  3:49  Baneling x2  
  34  3:59  Drone  
  35  4:10  Zergling x2  
  35  4:13  Pneumatized Carapace  
  36  4:22  Drone  
  33  4:31  Zergling x2, Drone  
  35  4:44  Overlord x2  
  35  4:45  Overlord  
  35  4:47  Evolution Chamber  
  35  4:48  Overlord  
  34  4:55  Extractor  
  34  4:56  Overlord  
  29  5:00  Zergling x4  
  29  5:01  Zergling x6  
  34  5:17  Drone x3  
  33  5:23  Zerg Melee Weapons Level 1  
  33  5:27  Drone x4  
  36  5:33  Baneling x4  
  36  5:34  Zergling x2  
  37  5:44  Drone x2  
  37  5:48  Zergling x2  
  36  5:53  Baneling  
  36  5:54  Baneling x2  
  36  6:01  Drone  
  36  6:02  Drone x2  
  36  6:07  Baneling  
  36  6:10  Drone  
  33  6:17  Spine Crawler  
  32  6:19  Baneling  
  32  6:32  Baneling x2  
  30  6:33  Drone x4  
  30  6:34  Drone  
  30  6:38  Queen  
  37  6:46  Zergling x4  
  38  6:50  Zergling x2  
  35  6:59  Overlord  
  35  7:01  Drone  
  36  7:07  Lair  
  36  7:13  Hatchery, Overlord  
  35  7:17  Baneling  
  35  7:18  Drone x2  
  37  7:23  Drone  
  37  7:24  Baneling x4  
  37  7:28  Drone  
  39  7:31  Drone  
  40  7:51  Drone x4  
  38  7:53  Zerg Missile Weapons Level 1  
  38  7:57  Queen  
  43  7:58  Roach Warren  
  42  8:06  Zergling x6  
  42  8:07  Zergling x2  
  42  8:12  Overlord  
  46  8:17  Extractor  
  46  8:18  Extractor, Drone  
  45  8:22  Queen, Evolution Chamber  
  45  8:26  Drone x2  
  48  8:29  Drone x3  
  51  8:40  Roach x3  
  51  8:41  Roach  
  59  8:50  Drone x3  
  62  8:57  Roach x3  
  65  9:05  Roach x3  
  70  9:22  Roach x5  
  80  9:26  Zergling x2  
  81  9:32  Zergling x2  
  81  9:33  Zergling x2  
  81  9:34  Extractor  
  81  9:35  Extractor  
  81  9:37  Spine Crawler  
Show
View Real Time Build Order
Export as new Build Order

Epsilan Zerg 

Build Orders: Hatch First 

Get SALT Encoding   

  12  0:00  Drone  
  13  0:12  Overlord  
  13  0:16  Drone  
  14  0:30  Drone x2  
  14  0:34  Drone  
  17  0:52  Hatchery  
  17  0:54  Drone  
  17  0:57  Drone  
  18  1:08  Extractor  
  17  1:12  Spawning Pool  
  17  1:15  Drone  
  17  1:18  Drone  
  18  1:28  Drone  
  19  1:40  Overlord  
  19  1:52  Drone  
  20  1:59  Queen  
  20  2:00  Zergling x2  
  23  2:05  Zergling x2  
  24  2:11  Zergling x2  
  24  2:12  Queen  
  24  2:14  Metabolic Boost  
  27  2:17  Zergling x2  
  28  2:28  Zergling x4  
  29  2:37  Baneling Nest  
  29  2:38  Drone x2  
  30  3:04  Zergling x2  
  30  3:05  Zergling x8  
  25  3:08  Zergling x6  
  23  3:21  Zergling x2  
  23  3:22  Zergling x4  
  25  3:28  Baneling x2  
  25  3:30  Baneling x2  
  25  3:31  Baneling  
  25  3:38  Drone x2  
  27  3:49  Drone x2  
  27  3:51  Drone  
  28  4:12  Zergling x8  
  28  4:29  Zergling x6  
  28  4:31  Queen  
  28  4:32  Queen  
  31  4:47  Zergling x8  
  34  5:07  Drone  
  33  5:22  Baneling x2  
  33  5:23  Zergling x8  
  36  5:29  Overlord x2  
  36  5:35  Baneling x2  
  34  5:47  Zergling x16  
  42  6:03  Drone x2  
  42  6:04  Drone  
  40  6:10  Drone  
  40  6:14  Queen  
  40  6:15  Drone  
  40  6:17  Baneling x2  
  43  6:22  Drone  
  35  6:33  Drone x2  
  35  6:51  Drone  
  35  6:52  Drone x5  
  38  6:57  Extractor  
  38  6:58  Extractor, Roach Warren  
  35  7:03  Drone x2  
  37  7:21  Drone x4  
  41  7:30  Queen x2  
  41  7:32  Overlord x3  
  40  7:50  Drone x2  
  40  7:51  Drone x2  
  36  7:54  Drone  
  37  8:00  Extractor  
  37  8:04  Zergling x4  
  38  8:14  Roach x2  
  42  8:23  Roach  
  42  8:24  Baneling x3  
  42  8:26  Roach  
  46  8:28  Hatchery  
  45  8:37  Roach x2  
  55  8:41  Roach x3  
  54  8:55  Roach x2  
  59  9:06  Hatchery, Roach x3  
  64  9:12  Roach  
  64  9:16  Roach  
  68  9:22  Roach  
  70  9:34  Roach x2  
Tags
 
Add a new tag
Caveats
  • Supply blocks, unpowered buildings, or Contaminate may cause inaccurate times.
  • Supply counts are checked every 10 seconds.